 Dungeon Crawl Stone Soup version 0.20.1-1-g8b1a95d (webtiles) character file.

1073 Linguinho the Ruffian (level 8, -5/75 HPs)
             Began as a Troll Monk on Nov 13, 2017.
             Slain by an orc warrior
             ... wielding a +0 halberd
              (16 damage)
             ... on level 6 of the Dungeon.
             The game lasted 00:05:57 (3195 turns).

Linguinho the Ruffian (Troll Monk)                  Turns: 3195, Time: 00:05:57

Health: -5/75      AC:  5    Str: 22    XL:     8   Next: 7%
Magic:  7/7        EV: 11    Int:  6    God:
Gold:   325        SH:  0    Dex: 12    Spells: 7/7 levels left

rFire    . . .     SeeInvis .     - Unarmed
rCold    . . .     Gourm    +   (no shield)
rNeg     . . .     Faith    .   a - +0 robe
rPois    .         Spirit   .   (helmet restricted)
rElec    .         Reflect  .   (no cloak)
rCorr    +         Harm     .   (gloves unavailable)
MR       .....     Rnd*Tele +   (boots unavailable)
Stlth    ++........             (no amulet)
Regen    0.7/turn               p - ring of teleportation (curse)
MPRegen  0.1/turn               n - ring of resist corrosion

@: no status effects
A: unfitting armour, claws 3, fast metabolism 3, gourmand, regeneration 1,
shaggy fur 1, tough skin 2
a: no special abilities


You were on level 6 of the Dungeon.
You were near starving.

You visited 1 branch of the dungeon, and saw 6 of its levels.

You collected 325 gold pieces.

Inventory:

Missiles
 u - 5 javelins (quivered)
Armour
 a - a +0 robe (worn)
Jewellery
 h - an uncursed ring of ice
 i - an uncursed ring of ice
 n - a ring of resist corrosion (right claw)
 p - a cursed ring of teleportation (left claw)
Wands
 y - a wand of digging (8/24)
Scrolls
 e - a scroll of enchant armour {unknown}
 j - 3 scrolls of remove curse {unknown}
 o - a scroll of recharging {unknown}
 q - 2 scrolls of immolation {unknown}
 r - 4 scrolls of identify {unknown}
 s - a scroll of amnesia {unknown}
 v - a scroll of blinking {unknown}
 x - a scroll of magic mapping {unknown}
Potions
 c - a potion of berserk rage {unknown}
 f - a potion of degeneration
 g - a potion of curing
 k - a potion of lignification {unknown}
 m - a potion of might {unknown}
 w - a potion of brilliance {unknown}
 z - a potion of heal wounds {unknown}
Comestibles
 b - 6 bread rations
 d - 2 fruits
 l - 3 meat rations
 t - 2 royal jellies


   Skills:
 + Level 3.2 Fighting
 + Level 1.0 Throwing
 + Level 3.7 Dodging
 + Level 2.6 Stealth
 + Level 7.8 Unarmed Combat


You had 7 spell levels left.
You didn't know any spells.

Dungeon Overview and Level Annotations

Branches:
Dungeon (6/15)
 Temple: D:4-7

Altars:
Ru
Xom


Innate Abilities, Weirdness & Mutations

You are too large for most types of armour.
You have claws for hands.
Your metabolism is lightning-fast.
You like to eat raw meat.
Your natural rate of healing is unusually fast.
You are covered in fur. (AC +1)
You have very tough skin. (AC +2)


Message History

Unknown command.
You scratch the orc warrior but do no damage.
The orc warrior is severely wounded.
You feel sick.
The crimson imp blinks!
You scratch the orc warrior but do no damage.
The orc warrior is severely wounded.
The orc warrior hits you with a halberd!!
* * * LOW HITPOINT WARNING * * *
The crimson imp barely misses you.
A crimson imp comes into view.
The crimson imp shouts!
You feel sick. The orc hits you but does no damage.
You see here a quokka corpse.
You feel sick. The orc warrior closely misses you.
The crimson imp blinks!
You feel better.
You are near starving!
The orc closely misses you.
The orc warrior hits you from afar with a halberd!
You die...

#.#.# #.#.#.#.
#.#.# #§#.#.#.#.
#.#..§#
#.#.#.#.#.#
#≈≈.≈≈#.#.#.#.#.#
#≈)#.#.#.#.#
#≈#5#.#.#.#
#≈†#o#.#.#
≈.≈≈#.#o#.#
#...#.#.#@#
#.#.#.#.#.#.#
#.### # ########
## ..... .....
..... ..... .....
Y####


You could see an orc warrior, a crimson imp and an orc.

Vanquished Creatures
  The ghost of Fingolfin the Chopper, an amateur MiAK of Lugonu (D:4)
  Sigmund (D:5)
  Eustachio (D:5)
  A centaur (D:5)
  Blork the orc (D:5)
  A jelly (D:5)
  A bullfrog skeleton (D:4)
  2 orc priests (D:5)
  An orc wizard (D:5)
  An iguana (D:5)
  4 worker ants
  7 adders
  An ooze (D:4)
  An adder skeleton (D:6)
  2 worms
  4 dart slugs
  6 orcs
  2 ball pythons
  6 giant cockroaches
  11 goblins
  8 hobgoblins
  2 jackals (D:4)
  3 quokkas
  11 bats
  5 frilled lizards (D:1)
  A goblin zombie (D:5)
  9 kobolds
  A rat (D:3)
95 creatures vanquished.

Notes
Turn   | Place    | Note
-------+----------+-------------------------------------------
     0 | D:1      | Linguinho the Troll Monk began the quest for the Orb.
     0 | D:1      | Reached XP level 1. HP: 22/22 MP: 0/0
    80 | D:1      | Reached XP level 2. HP: 25/29 MP: 1/1
   302 | D:1      | Reached XP level 3. HP: 30/36 MP: 2/2
   895 | D:2      | Reached skill level 4 in Unarmed Combat
  1024 | D:2      | Reached XP level 4. HP: 44/44 MP: 3/3
  2035 | D:4      | Noticed Fingolfin's ghost (amateur MiAK)
  2053 | D:5      | Entered Level 5 of the Dungeon
  2053 | D:5      | HP: 2/44 [poisoned by a worker ant]
  2058 | D:5      | Reached XP level 5. HP: 16/50 MP: 4/4
  2064 | D:5      | Reached skill level 5 in Unarmed Combat
  2171 | D:4      | Killed Fingolfin's ghost
  2171 | D:4      | Reached skill level 6 in Unarmed Combat
  2171 | D:4      | Reached XP level 6. HP: 17/59 MP: 5/5
  2451 | D:4      | Found a shimmering altar of Xom.
  2779 | D:5      | Reached XP level 7. HP: 59/66 MP: 6/6
  2781 | D:5      | Noticed Blork the orc
  2792 | D:5      | Killed Blork the orc
  2793 | D:5      | Noticed Sigmund
  2796 | D:5      | Noticed Eustachio
  2803 | D:5      | Killed Sigmund
  2803 | D:5      | Reached skill level 7 in Unarmed Combat
  2842 | D:5      | Killed Eustachio
  2842 | D:5      | Reached skill level 1 in Throwing
  2927 | D:5      | Reached XP level 8. HP: 74/75 MP: 7/7
  3100 | D:5      | Found a sacrificial altar of Ru.
  3195 | D:6      | Slain by an orc warrior

Skill      XL: |  1  2  3  4  5  6  7 |
---------------+----------------------+-----
Unarmed Combat | 4 6 7 |  7.8
Dodging        | 3 |  3.7
Stealth        | 2 |  2.6
Fighting       | 3 |  3.2
Throwing       | 1 |  1.0

Action                   |  1- 3 |  4- 6 |  7- 9 || total
-------------------------+-------+-------+-------++-------
Melee: Unarmed           |    84 |    97 |    75 ||   256
       Punch             |     1 |     4 |     5 ||    10
Throw: Javelin           |       |     5 |       ||     5
  Use: Potion            |       |     2 |     1 ||     3
 Stab: Sleeping          |     5 |     3 |     1 ||     9
  Eat: Chunk             |     6 |    14 |     4 ||    24
       Fruit             |       |     1 |       ||     1
Armor: Robe              |    20 |    32 |    28 ||    80
Dodge: Dodged            |    47 |    27 |    52 ||   126
